 Dungeon Crawl Stone Soup version 0.31-a0-277-g31ea1f65cc (webtiles) character file.

Game seed: 8554076624894489179

322 LeprechaunX the Changeling (level 6, -1/42 HPs)
             Began as an Octopode Shapeshifter on July 16, 2023.
             Slain by a river rat (9 damage)
             ... in a sewer.
             The game lasted 00:04:05 (3116 turns).

LeprechaunX the Changeling (Octopode Shapeshifter)  Turns: 3116, Time: 00:04:06

Health: -1/42      AC:  1    Str: 16    XL:     6   Next: 47%
Magic:  6/6        EV: 14    Int: 10    God:
Gold:   132        SH:  0    Dex: 13    Spells: 5/5 levels left

rFire   . .          .
                       - Unarmed
rCold   . . .        (no shield)
rNeg    . . .        (helmet currently unavailable)
rPois   .            h - amulet of the acrobat
rElec   .            c - ring of wizardry
rCorr   .            (no ring)
SInv    .            (no ring)
Will    .....        (no ring)
Stlth   +++          (no ring)
HPRegen 0.27/turn    (no ring)
MPRegen 0.10/turn    (no ring)
                     (no ring)

%: acrobat, wizardry (x1)
@: lethally poisoned (-1 -> -5), beast-form
A: beast (slay +3), almost no armour, amphibious, 8 rings, camouflage 1,
gelatinous body 1, nimble swimmer 1, tentacles
a: Begin Untransformation


You were in a sewer.
You were a hulking beast.
You visited 1 branch of the dungeon, and saw 4 of its levels.
You also visited: Sewer.

You collected 132 gold pieces.

Inventory:

Jewellery
 c - a ring of wizardry (left tentacle)
 h - an amulet of the acrobat (around mantle)
Talismans
 b - a beast talisman
Wands
 j - a wand of flame (13)
Scrolls
 e - a scroll of revelation {unknown}
 f - 2 scrolls of immolation {unknown}
 g - a scroll of enchant weapon {unknown}
 i - a scroll of blinking {unknown}
 k - 2 scrolls of identify {unknown}
 l - 2 scrolls of teleportation {unknown}
 n - 3 scrolls of amnesia {unknown}
Potions
 a - a potion of lignification
 d - 3 potions of curing {unknown}
 m - a potion of attraction {unknown}
 o - a potion of resistance {unknown}
 p - a potion of heal wounds {unknown}


   Skills:
 + Level 3.3 Fighting
 + Level 3.4 Dodging
 + Level 3.4 Unarmed Combat
 * Level 4.4 Shapeshifting


You had 5 spell levels left.
You didn't know any spells.
Your spell library was empty.

Dungeon Overview and Level Annotations

Branches:
Dungeon (4/15)              Sewer (1/1)
 Temple: D:4-7

Altars:


Innate Abilities, Weirdness & Mutations

You are a hulking beast.
Your limbs bulge with bestial killing power. (Slay +3)
You cannot wear most types of armour.
You are amphibious.
You can wear up to eight rings at the same time.
Your skin changes colour to match your surroundings (Stealth+).
Your rubbery body absorbs attacks. (AC +1, EV +1)
You are camouflaged when in or above water. (Stealth+)
You have tentacles for arms and can constrict up to eight enemies at once.


Message History

The adder bites you. The rat completely misses you. The river rat bites you!
The adder bites you.
You tentacle-slap the adder. You grab the adder.
The adder is lightly wounded.
You constrict the adder. You constrict the rat.
You kill the rat!
The adder barely misses you. The rat barely misses you.
The river rat bites you. The adder closely misses you.
You bludgeon the adder! Your grab misses the adder.
The adder is severely wounded.
You constrict the adder. The adder misses you. The rat closely misses you.
The river rat bites you. The adder barely misses you.
The adder completely misses you.
You tentacle-slap the rat.
You kill the rat!
You constrict the adder. The adder misses you. The rat barely misses you.
The river rat bites you. The adder bites you but does no damage.
You tentacle-slap the river rat. Your grab misses the river rat.
Your squeeze misses the river rat.
The river rat is heavily wounded.
You constrict the adder.
You kill the adder!
The adder misses you. The rat closely misses you. The river rat bites you!
You tentacle-slap the rat.
You kill the rat!
The adder bites you.
* * * LOW HITPOINT WARNING * * *
The ball python misses you. The ball python completely misses you.
The river rat misses you. The adder misses you.
You tentacle-slap the ball python.
You kill the ball python!
The river rat barely misses you. The adder bites you.
* * * LOW HITPOINT WARNING * * *
You are poisoned.
The adder poisons you!
You tentacle-slap the river rat. Your grab misses the river rat.
Your squeeze misses the river rat.
The river rat is almost dead.
You feel sick. The adder barely misses you. The river rat bites you!
You die...

####
######...#
#####
##........
....##
##........
.....#
#.......#
.∩∩..#
##......#
.....#
#...†S†#
..~~##
##..rh.#
~~~~~#
#≈~~~~~#
≈~~≈≈#
#≈≈~~≈≈#
≈≈~≈≈#
#≈≈~≈~≈#
≈~~≈≈#
#≈≈~~~≈#
≈≈~~≈#
#≈≈~~#≈#
≈#~~≈#
#≈≈≈#~~#
~~#≈≈#
#≈≈≈≈~≈#
.~~≈≈#
#≈≈≈~~~#


You could see an adder and a river rat.

Vanquished Creatures
  A scorpion (D:4)
  A hound (D:4)
  An orc priest (D:4)
  An iguana (D:4)
  Terence (D:3)
  3 adders
  2 river rats (Sewer)
  2 worms (D:4)
  3 dart slugs
  4 orcs
  4 bats
  11 endoplasms
  2 giant cockroaches
  8 goblins
  8 hobgoblins
  5 jackals (D:1)
  5 quokkas
  7 ball pythons
  7 frilled lizards
  3 kobolds
  18 rats
97 creatures vanquished.

Notes
Turn   | Place    | Note
-------+----------+-------------------------------------------
     0 | D:1      | LeprechaunX the Octopode Shapeshifter began the quest for
                  | the Orb.
     0 | D:1      | Reached XP level 1. HP: 14/14 MP: 1/1
   117 | D:1      | Reached XP level 2. HP: 19/19 MP: 2/2
   581 | D:1      | Reached XP level 3. HP: 14/24 MP: 3/3
  1317 | D:2      | Found a faded altar of an unknown god.
  2126 | D:3      | Reached XP level 4. HP: 16/30 MP: 4/4
  2587 | D:3      | Noticed Terence
  2595 | D:3      | Killed Terence
  2724 | D:4      | Reached XP level 5. HP: 35/35 MP: 5/5
  2839 | D:4      | Found a glowing drain.
  2857 | D:4      | Reached skill level 4 in Shapeshifting
  2933 | D:4      | Reached XP level 6. HP: 19/42 MP: 6/6
  2977 | Sewer    | Entered a sewer
  3116 | Sewer    | Slain by a river rat

Illustrated notes

Levels and vault maps discovered:
D:1:      lightli_arrival_noodles, layout_basic, serial_bayou_crossing
D:2:      layout_basic, nicolae_ecumenical_pavilion
D:3:      layout_basic, hex_tiny, amcnicky_mini_corridor_feature,
          minmay_misc_feat_four_crosses, uniq_terence
D:4:      layout_gridville, cheibrodos_sewer_entry_drain
Sewer:    sewer_minmay_w

Skill      XL: |  1  2  3  4  5 |
---------------+----------------+-----
Dodging        | 3 |  3.4
Fighting       | 3 |  3.3
Unarmed Combat | 3 |  3.4
Shapeshifting  | 4 |  4.4

Action                     |  1- 3 |  4- 6 || total
---------------------------+-------+-------++-------
  Melee: Unarmed           |    81 |    92 ||   173
         Constrict         |    24 |    27 ||    51
         Tentacles         |     9 |    16 ||    25
         Punch             |     1 |     3 ||     4
   Stab: Sleeping          |     9 |     9 ||    18
 Armour: Skin              |     3 |     3 ||     6
  Dodge: Dodged            |    47 |    72 ||   119

Table legend: (Time is in decaauts)
 A = Elapsed time spent in this place.
 B = Non-inter-level travel time spent in this place.
 C = Inter-level travel time spent in this place.
 D = Time resting spent in this place.
 E = Time spent auto-exploring this place.
 F = Levels seen in this place.
 G = Mean time per level.
                   A        B        C        D        E       F      G
               +--------+--------+--------+--------+--------+-----+--------+
         Total |   3105 |   2979 |    126 |    169 |   2260 |   5 |  621.0 |
       Dungeon |   2968 |   2842 |    126 |    109 |   2229 |   4 |  742.0 |
         Sewer |    137 |    137 |      0 |     60 |     31 |   1 |  137.0 |
               +--------+--------+--------+--------+--------+-----+--------+

Top non-repeatable levels by time:
     D:1: 1313 daAuts
     D:2: 766 daAuts
     D:3: 633 daAuts
     D:4: 254 daAuts
   Sewer: 137 daAuts
